 Dungeon Crawl Stone Soup version 0.19-a0-749-g66ae36b (webtiles) character file.

23515 Ijustatesigmund the Basher (level 13, -9/104 HPs)
             Began as a Formicid Fighter on June 24, 2016.
             Was a High Priest of Okawaru.
             Killed from afar by a starcursed mass (13 damage)
             ... with an accursed screaming
             ... on level 2 of the Abyss.
             The game lasted 00:51:19 (13363 turns).

Ijustatesigmund the Basher (Formicid Fighter)      Turns: 13363, Time: 00:51:22

Health: -9/104     AC: 11    Str: 23    XL:     13   Next: 35%
Magic:  20/20      EV: 17    Int:  9    God:    Okawaru [*****.]
Gold:   351        SH: 20    Dex: 19    Spells: 0 memorised, 12 levels left

rFire  + . .     SeeInvis +     d - +2 morningstar
rCold  . . .     Gourm    .     k - +3 ring mail {rN+}
rNeg   + . .     Faith    .     F - +1 large shield
rPois  +         Spirit   .     (helmet unavailable)
rElec  .         Dismiss  .     (no cloak)
rCorr  .         Reflect  .     (no gloves)
SustAt .         Harm     .     O - +1 pair of boots
MR     +....                    G - amulet of magic regeneration
Stlth  ++++......               N - ring of protection from fire
                                m - ring of poison resistance

@: agile, drained, somewhat resistant to hostile enchantments, stealthy
A: permanent stasis, dig shafts and tunnels, four strong arms, antennae 3,
blurry vision 1, mutation resistance 1, strong 1, no device heal 1
a: Dig, Shaft Self, Heroism, Finesse, Renounce Religion


You were on level 2 of the Abyss.
You worshipped Okawaru.
Okawaru was extremely pleased with you.
You were not hungry.

You visited 2 branches of the dungeon, and saw 14 of its levels.
You visited the Abyss 1 time.

You collected 924 gold pieces.
You spent 573 gold pieces at shops.

Inventory:

Hand Weapons
 a - a +0 flail of electrocution
 d - a +2 morningstar (weapon)
 C - a +3 greatsling of velocity
Missiles
 e - 5 poisoned tomahawks (quivered)
Armour
 k - a +3 ring mail of positive energy (worn)
 E - a +1 cloak
 F - a +1 large shield (worn)
 O - a +1 pair of boots (worn)
Jewellery
 m - a ring of poison resistance (left hand)
 v - an uncursed ring of fire
 A - an uncursed ring of resist corrosion
 G - an amulet of magic regeneration (around neck)
 N - a ring of protection from fire (right hand)
Wands
 D - a wand of slowing (22/48)
 H - a wand of random effects (28/48)
 I - a wand of paralysis (15/24)
Scrolls
 c - a scroll of identify
 h - 3 scrolls of amnesia
 p - 2 scrolls of fog
 q - a scroll of fear
 t - 8 scrolls of remove curse
 u - 2 scrolls of recharging
 w - 2 scrolls of magic mapping
Potions
 b - a potion of ambrosia
 i - a potion of berserk rage {unknown}
 l - 5 potions of brilliance
 n - 3 potions of mutation
 r - 3 potions of lignification
 x - 3 potions of flight {unknown}
 z - a potion of agility
 L - a potion of resistance
 M - a potion of cancellation {unknown}
Books
 y - a book of Summonings

   Spells                             Type                      Level
   a - Recall                         Summoning/Translocation      3
   b - Aura of Abjuration             Summoning                    5
   c - Summon Demon                   Summoning                    5
   d - Summon Forest                  Summoning/Translocation      5
   e - Summon Mana Viper              Hexes/Summoning              5
   f - Shadow Creatures               Summoning                    6
 B - a book of Ice

   Spells                             Type                      Level
   a - Ice Form                       Ice/Transmutation            4
   b - Metabolic Englaciation         Hexes/Ice                    5
   c - Ozocubu's Refrigeration        Ice                          6
   d - Bolt of Cold                   Conjuration/Ice              6
   e - Freezing Cloud                 Conjuration/Ice/Air          6
   f - Simulacrum                     Ice/Necromancy               6
 J - a Necronomicon

   Spells                             Type                      Level
   a - Haunt                          Necromancy/Summoning         7
   b - Borgnjor's Revivification      Necromancy                   8
   c - Death's Door                   Charms/Necromancy            8
   d - Necromutation                  Transmutation/Necromancy     8
 K - a book of Enchantments

   Spells                             Type                      Level
   a - Cause Fear                     Hexes                        4
   b - Yara's Violent Unravelling     Hexes/Transmutation          5
   c - Silence                        Hexes/Air                    5
   d - Deflect Missiles               Charms/Air                   6
   e - Haste                          Charms                       6
   f - Discord                        Hexes                        8
Comestibles
 f - 8 bread rations
 g - 7 meat rations


   Skills:
 + Level 10.7(10.5) Fighting
 + Level 13.2(13.0) Maces & Flails
 - Level 5.0(4.8) Armour
 - Level 4.0(3.8) Dodging
 - Level 5.6(5.5) Stealth
 - Level 11.5(11.3) Shields
 - Level 9.4(9.2) Invocations


You had 12 spell levels left.
You didn't know any spells.

Dungeon Overview and Level Annotations

Branches:
Dungeon (13/15)            Temple (1/1) D:4            Lair (0/6) D:10
    Orc (0/2) D:9
 Vaults: D:13-14

Altars:
Ashenzari
Cheibriados
Dithmenos
Elyvilon
Fedhas
Gozag
Hepliaklqana
Kikubaaqudgha
Makhleb
Nemelex Xobeh
Okawaru
Pakellas
Qazlal
Ru
Sif Muna
Trog
Uskayaw
Vehumet
Xom
Yredelemnul
Zin
The Shining One

Shops:
D:4 *   D:10 (   D:11 [

Annotations:
D:12 Harold


Innate Abilities, Weirdness & Mutations

You are under a permanent stasis effect.
You can dig through walls and to a lower floor.
Your four strong arms can wield two-handed weapons with a shield.
You have a pair of large antennae on your head. (SInv)
Scrolls take you a little longer to read.
You are somewhat resistant to further mutation.
Your muscles are strong. (Str +2)
Potions and wands are less effective at restoring your health.


Message History

A large abomination comes into view.
You extend your mandibles.
You dig through the rock wall.
A soul eater comes into view.
You retract your mandibles.
A starcursed mass comes into view.
A starcursed mass splits.
The starcursed mass shrieks in your mind.
* * * LOW HITPOINT WARNING * * *
A starcursed mass splits.
A chorus of shrieks assaults your mind.
* * * LOW HITPOINT WARNING * * *
A small abomination comes into view.
You feel agile all of a sudden.
A starcursed mass splits.
The soul eater hits you!
* * * LOW HITPOINT WARNING * * *
You partially resist.
You feel drained.
* * * LOW HITPOINT WARNING * * *
A chorus of shrieks assaults your mind.
You die...

. .#.... ....#.
....... . .... . .
#.....# .. .# #. #
).###...# #... #
#.#..3. #..#
####.# ##...
##...## ###
......#.....#.....
#.....@3........
#....#..X..#....
##.. ##X..###...#
#. ##X## ##.## #..
#.Xx ..# .. .
#.....# . .. # ...
....... . .
.#.....#. .
.###...###.


You could see 4 starcursed masses, a soul eater and a small abomination
(wandering).

Vanquished Creatures
  Snorg (D:11)
  Erolcha (D:12)
  Josephine (D:12)
  Fannar (D:12)
  A hydra (D:11)
  A ghost crab (shapeshifter) (Abyss:2)
  2 thrashing horrors (Abyss:2)
  A sun demon (Abyss:2)
  2 unseen horrors (D:11)
  2 hill giants
  A harpy (shapeshifter) (D:11)
  A worldbinder (Abyss:2)
  A cyclops (D:11)
  A manticore (D:11)
  A kobold demonologist (D:10)
  A rime drake (D:11)
  2 komodo dragons
  2 trolls
  A two-headed ogre (D:11)
  A merfolk (D:9)
  A raiju (Abyss:2)
  Prince Ribbit (D:7)
  3 large abominations (Abyss:2)
  4 wraiths
  A wyvern (D:10)
  A ynoxinul (Abyss:2)
  19 yaks
  A hippogriff (D:9)
  2 hungry ghosts (D:11)
  A neqoxec (Abyss:2)
  A mottled dragon (D:12)
  2 soldier ants (D:11)
  A water moccasin (D:7)
  Duvessa (D:7)
  2 ice beasts
  A black bear (D:10)
  An orc warrior (D:11)
  A necrophage (D:9)
  2 eyes of draining
  3 sky beasts
  6 ogres
  16 crocodiles
  4 centaurs
  Blork the orc (D:8)
  A big kobold (D:8)
  10 giant frogs
  Dowan (D:7)
  2 scorpions
  A water moccasin skeleton (D:4)
  6 killer bees
  An electric eel (D:11)
  A wight (Abyss:2)
  A howler monkey (D:4)
  A crimson imp (D:9)
  A giant frog zombie (D:12)
  2 centaur zombies
  A small abomination (Abyss:2)
  6 orc priests
  A giant frog skeleton (D:12)
  A gnoll shaman (D:3)
  7 hounds
  5 jellies
  Crazy Yiuf (D:5)
  7 iguanas
  9 orc wizards
  11 worker ants
  A killer bee zombie (D:6)
  A worker ant zombie (D:7)
  11 gnolls
  A howler monkey skeleton (D:7)
  9 adders
  2 shadow imps
  An ooze (D:3)
  2 adder skeletons (D:6)
  An adder zombie (D:8)
  A worm (D:6)
  4 dart slugs
  10 giant geckos
  36 orcs
  3 bats
  6 giant cockroaches
  8 goblins
  8 hobgoblins
  14 jackals
  2 quokkas
  A ball python zombie (D:6)
  9 giant newts
  A jackal skeleton (D:4)
  15 kobolds
  5 rats
330 creatures vanquished.

Vanquished Creatures (others)
  7 plants (D:10)
7 creatures vanquished.

Grand Total: 337 creatures vanquished

Notes
Turn   | Place    | Note
--------------------------------------------------------------
     0 | D:1      | Ijustatesigmund the Formicid Fighter began the quest for the Orb.
     0 | D:1      | Reached XP level 1. HP: 18/18 MP: 1/1
    59 | D:1      | Reached XP level 2. HP: 24/24 MP: 2/2
   170 | D:1      | Reached XP level 3. HP: 27/29 MP: 3/3
   624 | D:2      | Reached XP level 4. HP: 37/37 MP: 4/4
  1090 | D:2      | You fall through a shaft for 2 floors!
  1090 | D:4      | Noticed a giant frog
  1095 | D:4      | Killed a giant frog
  1095 | D:4      | Reached skill level 3 in Maces & Flails
  1095 | D:4      | Reached XP level 5. HP: 42/42 MP: 5/5
  1151 | D:4      | Found a staircase to the Ecumenical Temple.
  1159 | D:4      | Noticed an ogre
  1164 | D:4      | Killed an ogre
  1164 | D:4      | Reached XP level 6. HP: 35/49 MP: 6/6
  1184 | Temple   | Entered the Ecumenical Temple
  1276 | Temple   | Became a worshipper of Warmaster Okawaru
  1320 | D:4      | Reached skill level 4 in Maces & Flails
  1344 | D:4      | Found Mewosouf's Assorted Antiques.
  1363 | D:4      | Bought a fizzy purple potion for 26 gold pieces
  1363 | D:4      | Bought a scroll labeled BADITEITUR for 29 gold pieces
  1363 | D:4      | Bought a scroll labeled XARUOF XUEBACA for 29 gold pieces
  1363 | D:4      | Bought a fuming dark potion for 26 gold pieces
  1363 | D:4      | Bought a scroll labeled LUCENO RAGA for 29 gold pieces
  1546 | D:4      | Reached XP level 7. HP: 18/55 MP: 7/7
  1551 | D:4      | Reached skill level 5 in Shields
  1867 | D:3      | Reached skill level 5 in Fighting
  2855 | D:4      | Reached skill level 5 in Armour
  2964 | D:5      | Entered Level 5 of the Dungeon
  2991 | D:5      | Reached * piety under Okawaru
  2991 | D:5      | Reached skill level 5 in Maces & Flails
  3038 | D:5      | Reached skill level 1 in Dodging
  3325 | D:5      | Found a runed door.
  3330 | D:5      | Noticed Crazy Yiuf
  3332 | D:5      | Killed Crazy Yiuf
  3976 | D:6      | Reached XP level 8. HP: 43/62 MP: 8/8
  4162 | D:6      | Found a deep blue altar of Sif Muna.
  5081 | D:7      | Noticed Prince Ribbit
  5081 | D:7      | Noticed Duvessa
  5096 | D:7      | Killed Duvessa
  5108 | D:7      | Noticed Dowan
  5119 | D:7      | Killed Dowan
  5119 | D:7      | Reached skill level 1 in Invocations
  5146 | D:7      | Reached ** piety under Okawaru
  5154 | D:7      | Reached XP level 9. HP: 68/68 MP: 10/10
  5286 | D:7      | You fall through a shaft for 3 floors!
  5286 | D:10     | Entered Level 10 of the Dungeon
  5553 | D:10     | Found Gouxiam's Weapon Boutique.
  5568 | D:10     | Noticed a kobold demonologist
  5578 | D:10     | Killed a kobold demonologist
  5586 | D:10     | Reached skill level 5 in Invocations
  5688 | D:10     | Reached skill level 10 in Shields
  5823 | D:9      | Found a staircase to the Orcish Mines.
  5937 | D:9      | Reached *** piety under Okawaru
  6054 | D:9      | Got a faintly glowing robe
  6305 | D:7      | Killed Prince Ribbit
  6305 | D:7      | Reached XP level 10. HP: 61/74 MP: 15/15
  6763 | D:8      | Noticed Blork the orc
  6770 | D:8      | Killed Blork the orc
  6955 | D:8      | Reached skill level 6 in Maces & Flails
  6962 | D:8      | Reached **** piety under Okawaru
  7324 | D:8      | Identified the +2 robe of Hulu {MR+} (You found it on level 9 of the Dungeon)
  7359 | D:9      | Reached skill level 1 in Stealth
  8589 | D:10     | Noticed a komodo dragon
  8597 | D:10     | Killed a komodo dragon
  8601 | D:10     | Found a staircase to the Lair.
  8623 | D:11     | Reached skill level 7 in Maces & Flails
  8693 | D:11     | Noticed an unseen horror
  8707 | D:11     | Killed an unseen horror
  8707 | D:11     | Reached ***** piety under Okawaru
  8707 | D:11     | Reached XP level 11. HP: 76/84 MP: 16/16
  8769 | D:11     | Noticed a hornet
  8779 | D:11     | Noticed a harpy
  8779 | D:11     | a hornet changed into a harpy
  8791 | D:11     | Killed a harpy
  9116 | D:11     | Reached skill level 5 in Stealth
  9174 | D:11     | Found Reopaonae's Antique Armour Emporium.
  9232 | D:11     | Bought a pair of glowing boots for 126 gold pieces
  9245 | D:11     | Bought a transparent leather armour for 196 gold pieces
  9256 | D:11     | Identified the +0 leather armour "Ditoh" {rPois Int+4 Stlth+} (You bought it in a shop on level 11 of the Dungeon)
  9263 | D:11     | Bought a glowing ring mail for 112 gold pieces
  9331 | D:11     | Reached skill level 8 in Maces & Flails
  9648 | D:11     | Received a gift from Okawaru
  9688 | D:11     | Noticed a manticore
  9697 | D:11     | Killed a manticore
  9753 | D:11     | Noticed Snorg
  9816 | D:11     | Killed Snorg
 10364 | D:11     | Reached XP level 12. HP: 62/95 MP: 19/19
 10470 | D:11     | Reached skill level 9 in Maces & Flails
 10517 | D:11     | Noticed a five-headed hydra
 10536 | D:11     | Killed a five-headed hydra
 10566 | D:11     | You fall through a shaft for 2 floors!
 10896 | D:13     | Reached skill level 10 in Maces & Flails
 11091 | D:13     | Received a gift from Okawaru
 11099 | D:13     | Got a scorched cloak {god gift}
 11210 | D:13     | Identified the -5 cloak "Nureun" {+Blink rF+} (Okawaru gifted it to you on level 13 of the Dungeon)
 11455 | D:11     | Reached skill level 11 in Maces & Flails
 11524 | D:11     | Noticed an unseen horror
 11540 | D:11     | Killed an unseen horror
 11572 | D:11     | You fall through a shaft!
 11847 | D:12     | Noticed Josephine
 11876 | D:12     | Killed Josephine
 11901 | D:12     | Noticed Fannar
 11940 | D:12     | Killed Fannar
 11940 | D:12     | Reached skill level 12 in Maces & Flails
 12384 | D:12     | Noticed Erolcha
 12393 | D:12     | Killed Erolcha
 12481 | D:12     | Noticed Harold
 12514 | D:11     | Reached XP level 13. HP: 101/101 MP: 20/20
 12948 | D:12     | Cast into level 2 of the Abyss (Harold)
 13171 | Abyss:2  | Noticed a ghost crab
 13180 | Abyss:2  | Killed a ghost crab
 13190 | Abyss:2  | Reached skill level 10 in Fighting
 13237 | Abyss:2  | Gained mutation: Your muscles are strong. (Str +2) [a neqoxec]
 13242 | Abyss:2  | Gained mutation: You are somewhat resistant to further mutation. [a neqoxec]
 13260 | Abyss:2  | Reached skill level 13 in Maces & Flails
 13271 | Abyss:2  | Gained mutation: Scrolls take you a little longer to read. [a neqoxec]
 13275 | Abyss:2  | Gained mutation: Potions and wands are less effective at restoring your health. [a neqoxec]
 13358 | Abyss:2  | Noticed a starcursed mass
 13363 | Abyss:2  | HP: 4/104 [soul eater (2)]
 13363 | Abyss:2  | Killed from afar by a starcursed mass

Vault maps used:
D:1:      dpeg_arrival_tiny_a, hangedman_decor_push, corexii_leaking_fountain,
          minmay_close_crescents
D:2:      minmay_goblin_outpost
D:3:      first_bread
D:4:      serial_shops, nicolae_shop_overgrown_old_shop
D:5:      uniq_blork_the_orc, uniq_crazy_yiuf_cottage
D:6:      lemuel_round_altar
D:7:      uniq_prince_ribbit1, uniq_duvessa
D:9:      orc_0_dummy, hangedman_fish_farm
D:10:     david_lair_shrubbed, serial_curves, eino_curves_01, eino_curves_01,
          serial_shops, shop
D:11:     lemuel_reptile_caves, serial_shops, nicolae_shop_window_shopping,
          uniq_snorg
D:12:     uniq_erolcha, uniq_fannar, uniq_harold, uniq_josephine
D:13:     grunt_vaults_entry_fortified
Temple:   dpeg_three_leaves_temple

Skill      XL: |  1  2  3  4  5  6  7  8  9 10 11 12 13 |
---------------+----------------------------------------+-----
Armour         | 4 5 |  5.0
Shields        | 4 5 8 10 11 | 11.5
Fighting       | 4 5 7 9 10 | 10.7
Maces & Flails | 3 4 5 7 8 12 13 | 13.2
Dodging        | 2 3 4 |  4.0
Invocations    | 2 6 7 9 |  9.4
Stealth        | 4 5 |  5.6

Action                   |  1- 3 |  4- 6 |  7- 9 | 10-12 | 13-15 || total
-------------------------+-------+-------+-------+-------+-------++-------
Melee: Flail             |    70 |    93 |   340 |   428 |       ||   931
       Morningstar       |       |       |       |   405 |   151 ||   556
Throw: Tomahawk          |       |     6 |    10 |     6 |       ||    22
Invok: Heroism           |       |       |     4 |    11 |     2 ||    17
       Finesse           |       |       |       |     4 |     2 ||     6
 Abil: Dig               |     3 |     2 |     3 |    10 |     7 ||    25
       Shaft Self        |       |     1 |     1 |     2 |       ||     4
Evoke: Wand              |       |       |     1 |       |       ||     1
  Use: Scroll            |     2 |     9 |     9 |     8 |       ||    28
       Potion            |       |     1 |     2 |    10 |     1 ||    14
 Stab: Sleeping          |       |       |       |     5 |       ||     5
       Distracted        |       |       |       |     1 |       ||     1
  Eat: Chunk             |       |     3 |    13 |    20 |     2 ||    38
       Pizza             |       |       |     1 |       |       ||     1
       Beef jerky        |       |       |     1 |     3 |       ||     4
       Bread ration      |       |       |       |     1 |     1 ||     2
Armor: Scale mail        |    24 |    50 |    28 |       |       ||   102
       Leather armour    |       |       |    89 |    64 |       ||   153
       Ring mail         |       |       |       |    78 |    22 ||   100
Dodge: Dodged            |    12 |    33 |   121 |   172 |    41 ||   379
Block: Shield            |    22 |    54 |    53 |       |       ||   129
       Large shield      |       |       |   296 |   704 |   114 ||  1114
